[Event "Israeli Team-ch 2023"]
[Site "Petah Tikva"]
[Date "2023.01.13"]
[Round "2.28"]
[White "Ben Ari, Yannay"]
[Black "Deutsch, Eyal"]
[Result "1/2-1/2"]
[ECO "A07"]
[WhiteElo "2406"]
[BlackElo "2297"]
[Annotator "TA"]
[PlyCount "49"]
[EventDate "2023.01.13"]
[EventCountry "ISR"]
[SourceTitle "playchess.com"]
[Source "ChessBase"]
[SourceQuality "1"]
[TimeControl "40/5400+30:1800+30"]

1. Nf3 d5 2. g3 c6 3. Bg2 Bg4 4. h3 Bh5 5. O-O Nd7 6. d4 {[%emt 0:00:16][%cal Oc2c4] A07: Réti Opening: New York and Capablanca Systems.} e6 {[%emt 0:00:27] [#]} 7. c4 $1 Ngf6 (7... Be7 8. cxd5) 8. cxd5 cxd5 9. Nc3 Be7 10. Qb3 Qb6 11. Qxb6 Nxb6 12. g4 Bg6 13. Ne5 Nfd7 14. Nxg6 hxg6 {[%emt 0:00:07] [#]} 15. a4 $146 ({Predecessor:} 15. Bf4 O-O 16. a4 g5 17. Bg3 a5 18. e4 Nf6 19. Bc7 Bd8 20. Bd6 Re8 21. e5 Nfd7 22. b3 Nc8 23. Nb5 Ncb6 {½-½ Landa,K (2623)-Ernst,S (2553) Vlissingen HZ op 21st 2017 (8)}) 15... f5 {[%emt 0:04:19] [#]} 16. a5 $1 Nc4 {[%emt 0:00:53] [#]} 17. a6 $1 b6 18. b3 (18. Nb5 $5 ) 18... Na5 19. Rb1 Nf6 20. f3 (20. Nb5 {seems wilder.} Kd7 21. Bf4 Rhc8 22. e3) 20... Nc6 21. Nb5 Kd7 {[%emt 0:00:14] Prevents Nc7} 22. Bd2 Rhc8 23. Rfc1 Ne8 24. e3 Bb4 25. Bc3 {[%emt 0:04:47] Weighted Error Value: White=0.09 (flawless) /Black=0.10 (very precise)} 1/2-1/2

[Event "Israeli Team-ch 2023"]
[Site "Petah Tikva"]
[Date "2023.01.13"]
[Round "2.29"]
[White "Aizenberg, Benny"]
[Black "Karp, Ilya"]
[Result "1-0"]
[ECO "B62"]
[WhiteElo "2348"]
[BlackElo "2392"]
[Annotator "TA"]
[PlyCount "66"]
[EventDate "2023.01.13"]
[EventCountry "ISR"]
[SourceTitle "playchess.com"]
[Source "ChessBase"]
[SourceQuality "1"]
[TimeControl "40/5400+30:1800+30"]

1. e4 c5 2. Nf3 d6 3. d4 cxd4 4. Nxd4 Nf6 5. Nc3 Nc6 6. Bg5 e6 7. Qd3 Bd7 8. O-O-O {[%emt 0:00:05] 8.Ndb5 gains popularity.} a6 9. f4 Be7 {[%emt 0:00:00] B62: Sicilian: Richter-Rauzer: 6...e6: Unusual White 7th moves.} 10. Nf3 b5 {[%emt 0:00:00] [#]} 11. e5 $146 ({Predecessor:} 11. h3 h6 12. Bh4 Rc8 13. e5 Nb4 14. Qd4 Nfd5 15. Bxe7 Qxe7 16. Nxd5 Nxd5 17. Bd3 dxe5 18. Nxe5 {½-½ Van Foreest,M (2199)-Goossens,H (2131) London She Plays To Win 1st 2022 (6)}) 11... b4 (11... dxe5 $14 12. Nxe5 Nd5 13. Nxd7 Qxd7) 12. exf6 $16 gxf6 13. Ne4 d5 14. Bh6 ({White should try} 14. Nxf6+ $16 Bxf6 15. Qe3) 14... dxe4 15. Qxe4 f5 16. Qe3 {[%emt 0:01:58] White has more active pieces. The black rooks are badly placed.} Qc7 17. Kb1 Rg8 18. Bg5 f6 19. Bh4 Kf7 20. Bd3 (20. Bc4 $18) 20... Rxg2 21. Bg3 b3 22. axb3 (22. cxb3 $16 {Strongly threatening Nh4.} Rd8 23. Nh4 (23. Bxa6 Ra8 $17)) 22... Nb4 $19 23. Ne1 $2 {[%emt 0:01:27] [#]} (23. Rd2 Bc5 24. Nd4 Nd5 $19) (23. c3 Nxd3 24. Rxd3) 23... Bc5 $2 (23... Bb5 $1 $19 24. c4 (24. Nxg2 $2 {too greedy.} Bxd3 $19) 24... Bc6 25. Nxg2 Qa5) 24. Qf3 $17 Bc6 25. Qh5+ Kg7 $1 {[%emt 0:00:00][%cal Oc7a5] ...Qa5! would be deadly.} 26. Nxg2 Bxg2 $4 {[%emt 0:00:00][%mdl 8192] [#]} (26... Qa5 $1 $15 {stays ahead.} 27. Rhf1 Qa2+ 28. Kc1 Nxd3+ 29. Rxd3 (29. cxd3 $2 Bxg2 30. Bf2 Bb4 $19) 29... Qa1+ {[%mdl 64] Skewer} 30. Kd2 Qxf1) 27. Rhg1 $1 Bxg1 28. Rxg1 Qa5 {[%emt 0:05:09] aiming for ...Qa2+.} (28... Nxd3 $2 29. Rxg2 Qb7 30. Rg1 Nxf4 31. Bxf4+ $18) 29. Rxg2 {[%emt 0:02:26] White wants to mate with Bh4+.} Qa2+ 30. Kc1 {[%emt 0:00:01][%cal Bb1c1,Bc1d2,Bd2d3][%mdl 32] Threatening mate with Bf2+.} Nxd3+ 31. Kd2 $1 {[%emt 0:00:14] White threatens Bf2+ and mate.} (31. cxd3 $2 {loses.} Qa1+ 32. Kd2 Qxb2+ 33. Ke3 Qxg2 $19) 31... Qxb2 {[%emt 0:00:12] White must now prevent ...Nb4.} (31... Nxb2 {is a self mate.} 32. Bf2+ Kh8 33. Bd4 Nc4+ 34. bxc4) 32. Kxd3 {[%emt 0:01:48] Bf2+ is the strong threat.} Kh8 (32... Rd8+ $142 33. Ke2 Qxc2+ 34. Kf1 Qd3+ 35. Kg1 Kh8) 33. Rd2 $18 {[%emt 0:02:45] And now Ke2 would win.} Qa1 $2 {[%emt 0:03:31] Excellently played by Aizenberg!   Weighted Error Value: White=0.42/Black=0.40} (33... Rd8+ 34. Ke2 Rxd2+ 35. Kxd2 Qd4+ 36. Ke2 Qc3 37. Qe8+ Kg7 38. Qd7+ Kg6) 1-0

[Event "Israeli Team-ch 2023"]
[Site "Petah Tikva"]
[Date "2023.01.13"]
[Round "2.30"]
[White "Mordechai, Hanan"]
[Black "Solomon, Asif"]
[Result "1-0"]
[ECO "B11"]
[WhiteElo "2353"]
[BlackElo "2272"]
[Annotator "TA"]
[PlyCount "95"]
[EventDate "2023.01.13"]
[EventCountry "ISR"]
[SourceTitle "playchess.com"]
[Source "ChessBase"]
[SourceQuality "1"]
[TimeControl "40/5400+30:1800+30"]

1. e4 c6 2. Nc3 d5 3. Nf3 Bg4 4. h3 Bxf3 5. Qxf3 e6 6. d4 Nf6 7. Be2 {[%emt 0:02:49] B11: Caro-Kann: Two Knights Variation.} dxe4 8. Qe3 Bb4 9. O-O {[%emt 0:03:03] The position is equal.} Bxc3 10. bxc3 O-O 11. Qg3 {[%emt 0:05:16] [#]} Qa5 $146 (11... Nbd7 $11) ({Predecessor:} 11... Kh8 12. Rb1 b5 13. a4 a6 14. c4 bxc4 15. Ba3 Re8 16. Rb7 Kg8 17. Rfb1 Nd5 18. Bxc4 {1-0 Mastrovasilis,D (2614)-Rosner,J (2457) Bayern-chI Bank Hofmann 24th 2021 (4)}) 12. Rb1 (12. Bh6 $14 Ne8 13. a4) 12... b6 $11 13. Rb3 Nbd7 14. Bh6 Ne8 15. f3 (15. Bg5 $11) 15... Qxa2 $15 16. Bd1 ({White should play} 16. Rfb1) 16... Ndf6 (16... e3 $17 {...a5 would be deadly.} 17. Bxe3 b5) 17. fxe4 $1 $11 Nxe4 18. Qe5 N4d6 {[%emt 0:17:24] Against c4} (18... N8f6 19. c4 Qa5 20. c5 gxh6 21. Rxf6 $16) 19. Bxg7 $1 {[%emt 0:05:20][%mdl 64] Deflection} Nc4 20. Qe2 Nxg7 (20... Kxg7 21. Qxc4 Qa5 22. Qxc6 $14) 21. Qxc4 Rac8 22. Qe2 c5 23. Qe5 {[%emt 0:05:57] [#]} (23. c4 $11) 23... f6 $1 24. Qf4 (24. Qd6 Qa6) 24... Kh8 25. dxc5 Rxc5 26. Qh6 f5 27. c4 Rxc4 {[%emt 0:00:46] And now ...Qa5 would win.} 28. Bh5 {[%emt 0:00:00] White wants to mate with Rg3.} Kg8 $1 29. Rg3 Rc7 30. Re1 f4 (30... Qxc2 $15 31. Kh2 Qf2 32. Rxe6 (32. Re2 Qc5 $17) 32... Qc5) 31. Rg5 {[%emt 0:00:45] Kh2 is the strong threat.} Qxc2 32. Kh2 {[%emt 0:00:58][%cal Oh5f3] aiming for Bf3!} Qc3 {[%emt 0:03:10] Inhibits Bf3.} (32... Kh8 33. Rc1 Re7 34. Rxc2 Kg8 35. Rc6 b5 36. Rxe6 Rd7 37. Rf6 Rxf6 38. Qxf6) 33. Ree5 b5 $2 34. Bf3 $18 Rff7 35. Be4 (35. Qxe6 Rce7 36. Qxe7 Rxe7 37. Rxe7 Qf6 38. Bd5+ (38. Rexg7+ Qxg7 39. Bd5+ Kh8 $16) 38... Kf8 39. Rf7+ (39. Rexg7 Qxg7 40. Rxg7 Kxg7 $16) 39... Qxf7 40. Bxf7 Kxf7 41. Rxb5 Kf6 $18) (35. Rxb5 $142 Qd4 36. Rb8+ Rf8 37. Qxe6+ Rcf7 38. Rxf8+ Kxf8 39. Qc8+ Ne8 40. Bc6) 35... Kf8 36. Qxh7 $2 (36. Bxh7 Qd4 37. Re4 (37. Rxb5 Rc1 38. Rb8+ Ke7 39. Rb7+ Ke8 40. Rb8+ Kd7) 37... Qb6 38. Rxg7 (38. Bg6 $2 Rc1 $19) 38... Rxg7 $11) (36. Rxe6 $18 Rce7 {[%mdl 64] Pin} 37. Rc6 Qg3+ 38. Rxg3 fxg3+ 39. Kxg3 Rxe4 40. Qd6+ (40. Qxh7 $2 Nf5+ $19 {[%mdl 64] Discovered Attack}) 40... Ree7 41. Rc8+ Ne8 42. Qc5) 36... f3 $1 $11 {[%emt 0:00:27][%mdl 64] Deflection} 37. Bxf3 {[%emt 0:00:35] Black must now prevent Be4.} (37. Rxb5 f2 38. Qh8+ Ke7 $17) 37... Nf5 $2 (37... Qd4 $11 38. Rxb5 (38. Re4 $2 Qd6+ 39. Ree5 Rc5 $19) 38... Qf4+ 39. Rg3 Nf5 {[%mdl 64] Pin} 40. Qg8+ Ke7 41. Qg5+ (41. Bh5 Rg7 $11 {[%mdl 64] Pin}) 41... Qxg5 42. Rxg5 Nd4) 38. Qh8+ $2 (38. Qg8+ Ke7 39. Rgxf5 {[%mdl 64] Pin} (39. Rxb5 Qd4 $17)) 38... Ke7 $18 {[%emt 0:00:01] [#] Strongly threatening ...Kd6.} 39. Rg8 $2 $40 {[%emt 0:00:29][%mdl 128] White mounts an attack.} (39. Bh5 $2 Rf8 40. Rg7+ (40. Rxe6+ $2 Kxe6 41. Rg6+ Kd5 $19) 40... Nxg7 41. Qxg7+ Kd6 42. Qxf8+ (42. Rxe6+ $2 Kxe6 43. Qg4+ Kd5 $19) 42... Kxe5 $19) ({White has to play} 39. Rg6 $1 $18 Ng7 40. Qh4+ (40. Rxb5 Qd4 $16) 40... Kd7 41. Rxb5) 39... Rg7 $2 40. Rxg7+ $2 (40. Re8+ {mates} Kf7 41. Rxf5+ (41. Rxb5 Rxg2+ 42. Kh1 Qe1+ 43. Kxg2 Qd2+ 44. Kh1 Rc1+) 41... exf5 42. Bh5+ Kf6 43. Qh6+ Rg6 44. Qxg6#) 40... Nxg7 $16 41. Qh4+ (41. Qxg7+ $2 Kd6 $19) 41... Kd6 $2 (41... Kd7 $1 $14 42. Re1 (42. Rxb5 Nf5 $16) (42. Qf6 Kc8 $16) 42... Ke8) 42. Rxb5 $18 {[%emt 0:02:24] Hoping for Qd8+.} Nf5 43. Qf4+ (43. Qd8+ $18 {and the rest is easy.} Rd7 44. Qf8+ Re7 45. Qd8+ Rd7 46. Qf8+ Re7 47. Rb1) 43... Kd7 $16 {[%emt 0:01:21] [#]} 44. Bg4 {[%emt 0:05:28] White is more active.} ({White should try} 44. Be4 $1 $16 Qc1 45. Qe5) 44... Ne7 (44... Rc4 $14 45. Qb8 a6) 45. Re5 Rc6 46. Qe4 {[%emt 0:01:30] Dodges Qd3} (46. h4 $142) 46... Qb3 $2 (46... Kc7 47. Qf4 (47. Bxe6 Rc5 $18) (47. Rxe6 Rxe6 48. Qxe6 Nc6 $18) 47... Qc1 48. Re3+ {[%mdl 64] Discovered Attack} (48. Rxe6+ {leads to mate.} Qxf4+ 49. g3 Qf2+ 50. Kh1 Rc1+) 48... Rd6) 47. Qd4+ $18 Ke8 $2 (47... Kc8 $18 48. Qxa7 Ng6) 48. Bh5+ {[%emt 0:00:25] An interesting game.   Weighted Error Value: White=0.64/Black=0.64} 1-0

[Event "Israeli Team-ch 2023"]
[Site "Petah Tikva"]
[Date "2023.01.13"]
[Round "2.31"]
[White "Mikhalevski, Alexander"]
[Black "Gorodetzky, David"]
[Result "1/2-1/2"]
[ECO "E01"]
[WhiteElo "2414"]
[BlackElo "2492"]
[Annotator "TA"]
[PlyCount "74"]
[EventDate "2023.01.13"]
[EventCountry "ISR"]
[SourceTitle "playchess.com"]
[Source "ChessBase"]
[SourceQuality "1"]
[TimeControl "40/5400+30:1800+30"]

1. d4 Nf6 2. c4 e6 3. Nf3 d5 4. g3 c5 5. cxd5 cxd4 6. dxe6 {[%emt 0:10:18] E01: Catalan: Early deviations.} (6. Qxd4 exd5 7. Bg2 Nc6 $11) 6... Bxe6 7. Qxd4 Nc6 8. Qxd8+ {[%emt 0:05:56] White is slightly better.} Rxd8 9. Bg2 Nb4 {[%emt 0:01:56] [#] ( -> ...Nc2+)} 10. Na3 {[%emt 0:00:31] Against Nc2+} Bc5 11. O-O O-O {[%emt 0:01:09][%cal Of6e4] [#]} 12. b3 $146 ({Predecessor:} 12. Bg5 Rfe8 13. e3 Bxa2 14. Nb5 Rd7 15. Rfc1 Bb6 16. Nc3 Bb3 17. Ra3 Bc2 18. Bxf6 gxf6 {½-½ Hoexter,H (2205)-Reed,A (2218) W-ch WS/CCM/B/06 email 2019}) 12... Ne4 13. Bb2 {[%emt 0:00:56] Against Nc3} a6 {[%emt 0:05:33] Dodges Nb5} 14. Nc4 b5 (14... Rfe8 $11) 15. Nce5 (15. Na5 $1 $14) 15... f6 $11 16. a3 (16. Nd3 $1 $11 {was the only way to keep the balance.} Nxd3 17. exd3 Rxd3 18. Nd4 Bxd4 19. Bxe4) 16... fxe5 (16... Nc2 $17 17. Rac1 fxe5 18. Rxc2 Bxb3 19. Rxc5 Nxc5 20. Bxe5 Bc4) 17. axb4 $15 Bxf2+ 18. Kh1 $1 Be3 {[%emt 0:03:33] Hoping for ...Nf2+.} 19. Bc1 (19. Rxa6 Bc8 20. Raa1 Nf2+ 21. Rxf2 Bxf2 22. Bxe5 Rfe8 $19) 19... Nf2+ 20. Kg1 Nh3+ ({Black should try} 20... Ng4+ $15 21. Bxe3 Nxe3) 21. Kh1 $11 Nf2+ (21... Bxc1 $11 22. Rfxc1 e4) 22. Kg1 $17 Ng4+ 23. Bxe3 Nxe3 24. Ng5 Rxf1+ (24... Bf5 $1 $15 25. Rf2 h6) 25. Bxf1 $11 Bxb3 26. Bh3 {[%emt 0:01:27][%cal Oa1a3] [#] Threatens to win with Ra3!} h6 27. Be6+ (27. Rxa6 $11 {keeps the balance.} Nc2 28. Be6+ Bxe6 29. Nxe6) 27... Bxe6 $17 28. Nxe6 {[%emt 0:00:03][%mdl 4096] Endgame KRN-KRN} Rd6 (28... Rd2 $17 29. Rxa6 Rxe2) 29. Nc7 (29. Nc5 $11) 29... Rd2 $15 30. Kf2 Nf5 ({Better is} 30... Ng4+ $15 31. Ke1 Rb2) 31. Rxa6 $11 {[%emt 0:02:51] The position is equal.} Nd4 {[%emt 0:00:17] Inhibits Re6.} 32. Kf1 (32. Ra8+ Kf7 33. Kf1 Rxe2 34. Nxb5 Rxh2 35. Nxd4 exd4 $15) 32... e4 33. Ra3 Rc2 ({Resist} 33... Rxe2 34. Nxb5 Rd2 35. Nxd4 Rxd4 36. Rb3 $16 (36. b5 Rb4 $11)) 34. Ra8+ ({Don't play} 34. e3 Nf3 35. Nxb5 Nxh2+ 36. Kg1 Nf3+ 37. Kf1 Rb2 $17) 34... Kh7 35. Rd8 $1 Nxe2 {[%emt 0:02:50] aiming for ...Nc3.} 36. Nxb5 Nc1 {[%emt 0:00:31][%cal Oe4e3] And now ...e3! would win.} 37. Re8 Rc4 {[%emt 0:00:38] Weighted Error Value: White=0.19 (very precise) /Black=0.21 (precise)} 1/2-1/2

[Event "Israeli Team-ch 2023"]
[Site "Petah Tikva"]
[Date "2023.01.13"]
[Round "2.32"]
[White "Globus, Or"]
[Black "Parkhov, Yair"]
[Result "1/2-1/2"]
[ECO "D38"]
[WhiteElo "2411"]
[BlackElo "2467"]
[Annotator "TA"]
[PlyCount "68"]
[EventDate "2023.01.13"]
[EventCountry "ISR"]
[SourceTitle "playchess.com"]
[Source "ChessBase"]
[SourceQuality "1"]
[TimeControl "40/5400+30:1800+30"]

1. d4 Nf6 2. c4 e6 3. Nf3 d5 4. Nc3 Bb4 5. Qa4+ Nc6 6. a3 Bxc3+ 7. bxc3 Bd7 8. cxd5 {[%emt 0:18:54] D38: Queen's Gambit Declined: Ragozin Defence (4 Nf3 Bb4).} exd5 9. Bg5 h6 10. Bh4 O-O 11. e3 Ne5 {[%emt 0:06:02][%mdl 64] [#] Discovered Attack} 12. Bxf6 $146 ({Predecessor:} 12. Qc2 Nxf3+ 13. gxf3 Rc8 14. Qd2 Ne4 15. Bxd8 Nxd2 16. Kxd2 Rfxd8 17. Bd3 c5 18. Rhb1 Rc7 19. a4 g5 20. a5 cxd4 {½-½ Halvax,G (2407)-Wagner,D (2584) Bundesliga 2122 2022 (13.3)}) 12... Bxa4 13. Bxd8 Nxf3+ 14. gxf3 Rfxd8 15. Rb1 b6 16. Kd2 c5 17. Bb5 Bxb5 18. Rxb5 $14 {[%emt 0:00:12][%mdl 4096] Endgame KRR-KRR} Rac8 19. dxc5 bxc5 20. Rd1 Rd6 21. Ke2 Ra6 {[%emt 0:05:54] The position is equal.} 22. Rxd5 Rxa3 23. Rbxc5 Rxc3 24. Rxc3 Rxc3 $11 {[%emt 0:00:04] KR-KR} 25. Rd8+ Kh7 26. Rd7 f6 27. Rxa7 Rc1 $1 28. Ra4 Rh1 29. h4 h5 30. Rd4 Kh6 31. Rf4 Kg6 32. Ra4 Kh6 33. Rf4 Kh7 34. Ra4 Kh6 {[%emt 0:01:00] An interesting draw.   Weighted Error Value: White=0.03 (flawless) /Black=0.04 (flawless)} 1/2-1/2

[Event "Israeli Team-ch 2023"]
[Site "Petah Tikva"]
[Date "2023.01.13"]
[Round "2.33"]
[White "Gorodetzky, Matan"]
[Black "Levin, Guy"]
[Result "0-1"]
[ECO "B22"]
[WhiteElo "2333"]
[BlackElo "2391"]
[Annotator "TA"]
[PlyCount "114"]
[EventDate "2023.01.13"]
[EventCountry "ISR"]
[SourceTitle "playchess.com"]
[Source "ChessBase"]
[SourceQuality "1"]
[TimeControl "40/5400+30:1800+30"]

1. e4 c5 2. c3 e5 3. Nf3 Nc6 4. Bc4 Be7 5. O-O Nf6 6. d4 {[%emt 0:01:29] B22: Sicilian: 2 c3.} d6 (6... cxd4 $11 7. cxd4 exd4) 7. dxe5 dxe5 8. Qe2 {[%emt 0:01:03] White is slightly better.} O-O 9. h3 Qc7 {[%emt 0:02:45] [#]} 10. a4 $146 ({Predecessor:} 10. Bg5 Ne8 11. Bxe7 Qxe7 12. Nbd2 Kh8 13. Rfe1 Nc7 14. Nf1 Be6 15. Ne3 Rad8 16. Rad1 {1-0 Sejkora,V (2207)-Doucha,L (2072) Tatry op Tatranske Zruby 2012 (1)}) 10... Na5 11. Ba2 c4 12. Nbd2 b6 13. Re1 Ba6 14. Nf1 Nh5 15. g3 (15. N3h2 $142 Nf6 16. Bg5) 15... Bc5 16. Ne3 (16. Be3 $11) 16... Bxe3 (16... Nf6 $15) 17. Bxe3 $11 Rfe8 18. Rad1 Nf6 19. Bb1 Bb7 20. Nd2 Rac8 21. Bc2 Nd7 22. Qg4 Re6 {[%emt 0:02:59] Repels Bh6} (22... Nf6 $5 23. Qh4 Nd7 $11) 23. Nf3 Nf6 24. Qh4 h6 25. Nd2 {[%emt 0:04:17] Wards off Nb3} Rd8 26. g4 Red6 27. f3 R8d7 28. Nf1 Qd8 29. Rxd6 Rxd6 30. Ng3 Nh7 31. Qh5 ({Better is} 31. Qxd8+ $11 Rxd8 32. h4) 31... Ng5 $15 32. Kf2 Rd2+ {[%emt 0:00:33][%mdl 64] [#] Double Attack} 33. Re2 $1 Rxe2+ (33... Rd3 {keeps more tension.} 34. Re1 Bc6 35. Nf5 Rd2+) 34. Kxe2 Qf6 (34... Nc6 {looks sharper.} 35. Nf5 Ne6 36. h4 Ned4+) 35. Nf5 Bc8 (35... Ne6 {with more complications.} 36. h4 Qd8 37. g5 hxg5 38. hxg5 Nf8) 36. h4 (36. Qh4 {is interesting.} Qd8 37. Qg3 f6 38. h4) 36... Nh7 37. g5 $36 {[%emt 0:02:49][%mdl 2048] White is more active.} hxg5 38. hxg5 Qe6 39. Qh1 g6 (39... Nf8 $11 {keeps the balance.}) 40. Nh6+ $16 Kg7 41. Ng4 {[%emt 0:30:31][%cal Og4e5] aiming for Nxe5!} Nc6 42. Qh4 Qd6 {[%emt 0:00:00] [#]} 43. Nf6 $1 Nxf6 {[%emt 0:00:00][%mdl 64] Remove Defender} 44. gxf6+ Kg8 $1 45. Bh6 {[%emt 0:00:00] White threatens Bg7 and mate.} (45. Qg5 {simplifies} Nd8 46. f4 exf4 47. Qxf4 Qxf4 48. Bxf4 Kf8 49. Kf3) 45... Qe6 46. Bg5 {[%emt 0:00:00] Intending Qh6 and mate.} Qh3 47. Qf2 {[%emt 0:00:00] Against Qg2} (47. Qxh3 {simplifies} Bxh3 48. Kf2 Be6 49. f4) 47... Nd8 48. a5 Ne6 49. Bd2 g5 50. axb6 axb6 51. Qxb6 $2 (51. Qg1 $11 {and White has nothing to worry.} Qh4 52. Ba4 (52. Qxb6 g4 $17)) 51... g4 $19 52. Qg1 {[%emt 0:00:00] Against Nd4+} ({Not} 52. Qf2 $2 g3 53. Qe1 Qg2+ 54. Kd1 Qxf3+ 55. Kc1 Nf4) (52. Be3 $142 Nf4+ 53. Ke1 Qh1+ 54. Kd2 Qxf3 55. Qd8+ Kh7 56. Bb6) 52... g3 $2 (52... Nf4+ 53. Bxf4 Qxf3+ 54. Ke1 Qxf4) 53. Be3 $2 (53. Kd1 Qh2 54. Be3) 53... Qh2+ $2 (53... Ng5 54. Bf2 g2) 54. Bf2 $2 (54. Kd1 Nf4 55. Qe1) 54... Nf4+ {[%emt 0:00:00] Black is clearly winning.} 55. Ke3 Qxf2+ (55... Qxg1 $142 56. Bxg1 Nh3) 56. Qxf2 gxf2 57. Kxf2 Be6 {[%emt 0:00:00] Weighted Error Value: White=0.65/Black=0.40} 0-1

[Event "Israeli Team-ch 2023"]
[Site "Petah Tikva"]
[Date "2023.01.13"]
[Round "2.34"]
[White "Iliaguev, Nisim"]
[Black "Bitensky, Igor"]
[Result "1/2-1/2"]
[ECO "A49"]
[WhiteElo "2390"]
[BlackElo "2370"]
[Annotator "TA"]
[PlyCount "94"]
[EventDate "2023.01.13"]
[EventCountry "ISR"]
[SourceTitle "playchess.com"]
[Source "ChessBase"]
[SourceQuality "1"]
[TimeControl "40/5400+30:1800+30"]

1. d4 Nf6 2. Nf3 g6 3. g3 Bg7 4. Bg2 d6 5. O-O O-O 6. b3 a5 {[%emt 0:03:58] 6...e5 gains popularity.} 7. a4 c6 8. Bb2 Ne4 {[%emt 0:05:44] [#] A49: 1 d4 Nf6 2 Nf3 g6 3 g3: Anti-King's Indian systems.} 9. c4 $146 ({Predecessor:} 9. Nfd2 Nxd2 10. Nxd2 d5 11. e4 dxe4 12. Nxe4 Na6 13. c3 Be6 14. Re1 Re8 15. Nd2 Qc7 16. h4 {1-0 Alonso Rosell,A (2559)-Movsziszian,K (2514) Catalunya-chT Gp1 2019 (4.1)}) 9... f5 10. e3 Nd7 11. Qc2 Qe8 12. Nbd2 Ndf6 (12... Nxd2 {feels hotter.} 13. Qxd2 e5 14. e4 fxe4 15. Ng5 exd4 16. Bxd4 Bxd4 17. Qxd4 Qe5) 13. d5 Nxd2 14. Nxd2 Bd7 15. Rac1 Kh8 16. Rfe1 cxd5 17. cxd5 b5 18. axb5 Rc8 {[%emt 0:00:48] Wards off b6} 19. Qb1 {[%emt 0:06:30] b6 is the strong threat.} Bxb5 20. Qa1 Rxc1 (20... Kg8 $142) 21. Rxc1 $16 a4 22. bxa4 Bxa4 23. e4 fxe4 24. Nxe4 ({Reject} 24. Bxe4 $6 Qa8 $11) 24... Bd7 25. Rc7 $1 {[%emt 0:04:12] And now Bxf6 would win.} Bf5 {[%emt 0:00:23] [#]} 26. Ng5 $1 Nh5 27. Bxg7+ Nxg7 28. Qa7 {[%emt 0:01:10] White is much more active.} Qb8 29. Qxb8 ({Weaker is} 29. Rxe7 Qb1+ 30. Bf1 Bd3 31. Nf7+ Kg8 32. Nh6+ Kh8 33. Nf7+ Kg8 34. Nh6+ Kh8 35. Nf7+ $11) 29... Rxb8 30. h3 ({But not} 30. Rxe7 $6 Rb1+ 31. Bf1 Bd3 32. Nf7+ Kg8 33. Nh6+ Kh8 34. Nf7+ Kg8 35. Nh6+ Kh8 36. Nf7+ $11) 30... Re8 {[%emt 0:02:05] [#]} 31. Bf1 (31. g4 $1 $16 ) 31... Kg8 $1 $11 {[%emt 0:07:29] The position is equal.} 32. g4 h6 33. gxf5 {[%emt 0:00:41] Hoping for f6.} hxg5 34. fxg6 {[%emt 0:00:11][%mdl 4096] Endgame KRB-KRN} Nh5 35. Bb5 Rb8 36. Bd3 Kf8 37. Be4 Rb4 38. f3 Nf6 39. g7+ Kf7 40. Kg2 Rb2+ 41. Kg3 Rb3 42. Bf5 Nh5+ 43. Kg4 Nxg7 44. Be4 Ne8 45. Rc8 Nf6+ 46. Kxg5 Nxe4+ 47. fxe4 Rxh3 {[%emt 0:20:28] Black escapes into a draw.   Weighted Error Value: White=0.09 (flawless) /Black=0.10 (very precise)} 1/2-1/2